 Dungeon Crawl Stone Soup version 0.17.0-28-g6e173f8 (webtiles) character file.

100 coffecat the Chopper (level 4, 0/61 HPs)
             Began as a Hill Orc Berserker on Nov 28, 2015.
             Was a Believer of Trog.
             Slain by Grinder (5 damage)
             ... while paralysed by Grinder
             ... on level 3 of the Dungeon.
             The game lasted 00:05:51 (1864 turns).

coffecat the Chopper (Hill Orc Berserker)           Turns: 1864, Time: 00:05:51

Health: 0/61       AC:  3    Str: 25    XL:     4   Next: 74%
Magic:  4/4        EV:  2    Int:  7    God:    Trog [**....]
Gold:   100        SH:  0    Dex: 10    Spells: 0 memorised, 3 levels left

rFire  . . .     SeeInvis .     a - +0 hand axe
rCold  . . .     Clarity  .     g - +0 leather armour
rNeg   . . .     SustAt   .     (no shield)
rPois  .         Gourm    .     (no helmet)
rElec  .         Spirit   .     (no cloak)
rCorr  .         Warding  .     (no gloves)
rMut   .         Stasis   .     (no boots)
MR     .....                    (no amulet)
Stlth  ..........               (no ring)
                                (no ring)

@: paralysed, berserking, not resistant to hostile enchantments, extremely
unstealthy
A: no striking features
a: Berserk, Trog's Hand, Burn Spellbooks, Renounce Religion


You were on level 3 of the Dungeon.
You worshipped Trog.
Trog was pleased with you.
You were not hungry.

You visited 1 branch of the dungeon, and saw 3 of its levels.

You collected 100 gold pieces.

Inventory:

Hand Weapons
 a - a +0 hand axe (weapon)
Armour
 b - a +0 animal skin
 g - a +0 leather armour (worn)
Scrolls
 h - a scroll of teleportation {unknown}
 j - a scroll of identify {unknown}
 k - a scroll of amnesia {unknown}
 m - a scroll of enchant weapon {unknown}
Potions
 d - 2 potions of degeneration {unknown}
 e - a potion of agility {unknown}
 f - a potion of lignification {unknown}
 i - a potion of flight {unknown}
 l - a potion of magic {unknown}
Comestibles
 c - 2 bread rations


   Skills:
 + Level 4.8 Fighting
 + Level 4.9 Axes
 + Level 2.5 Armour
 + Level 2.4 Dodging
 + Level 0.3 Stealth


You had 3 spell levels left.
You didn't know any spells.

Dungeon Overview and Level Annotations

Branches:
Dungeon (3/15)

Altars:
Zin
The Shining One

Annotations:
D:3 Grinder


Message History

The rat is severely wounded.
You barely miss Grinder.
Grinder is lightly wounded.
Grinder hits you! The rat closely misses you.
The kobold hits you with a short sword. Grinder says, "Are you a fish?"
Grinder hits you.
You writhe in agony.
* * * LOW HITPOINT WARNING * * *
A red film seems to cover your vision as you go berserk!
You feel yourself moving faster!
You feel mighty!
You feel somewhat more hungry. Grinder gestures at you.
You suddenly lose the ability to move!
The rat bites you but does no damage. The kobold barely misses you.
Grinder hits you!
* * * LOW HITPOINT WARNING * * *
You writhe in agony.
* * * LOW HITPOINT WARNING * * *
The rat bites you but does no damage. Grinder hits you.
You die...

#############
#...........#
#...........#
#...........#
#...........# .
#...........# .
#.....5Kr...# ##
#......@....###########.
#.......................
########................
#................
#................
#..>#############
############.[.#.......
#..............#.....
#..............#...#


You could see Grinder, a kobold and a rat.

Vanquished Creatures
  Jessica (D:3)
  3 adders
  4 giant geckos
  3 bats
  2 giant cockroaches
  7 goblins
  7 hobgoblins
  4 jackals
  6 kobolds
  3 ball pythons
  3 giant newts
  3 rats
46 creatures vanquished.

Notes
Turn   | Place    | Note
--------------------------------------------------------------
     0 | D:1      | coffecat the Hill Orc Berserker began the quest for the Orb.
     0 | D:1      | Reached XP level 1. HP: 19/19 MP: 1/1
   109 | D:1      | Reached XP level 2. HP: 4/27 MP: 2/2
   790 | D:2      | Reached XP level 3. HP: 34/34 MP: 3/3
   809 | D:2      | Reached ** piety under Trog
  1206 | D:2      | Found a glowing golden altar of the Shining One.
  1206 | D:2      | Found a glowing silver altar of Zin.
  1497 | D:2      | Reached XP level 4. HP: 32/41 MP: 4/4
  1575 | D:3      | Noticed Jessica
  1580 | D:3      | Killed Jessica
  1857 | D:3      | Noticed Grinder
  1863 | D:3      | Paralysed by Grinder for 4 turns
  1864 | D:3      | Slain by Grinder

Action                   |  1- 3 |  4- 6 || total
-------------------------+-------+-------++-------
Melee: Hand axe          |   116 |    22 ||   138
Invok: Berserk           |     1 |     2 ||     3
  Eat: Royal jelly       |     1 |       ||     1
       Chunk             |     1 |       ||     1
       Bread ration      |       |     1 ||     1
